 Dungeon Crawl Stone Soup version 0.27-a0-277-g024f7ef292 (webtiles) character file.

Game seed: 10640850074937101298

198 siradein the Changer (level 5, -6/29 HPs)
             Began as a Gargoyle Transmuter on Feb 6, 2021.
             Killed by divine providence
             ... invoked by an orc priest
              (16 damage)
             ... on level 4 of the Dungeon.
             The game lasted 00:07:40 (3982 turns).

siradein the Changer (Gargoyle Transmuter)          Turns: 3982, Time: 00:07:42

Health: -6/29      AC:  6    Str: 13    XL:     5   Next: 76%
Magic:  10/10      EV:  9    Int: 15    God:
Gold:   174        SH:  0    Dex: 10    Spells: 6/10 levels left

rFire    . . .     SeeInvis .     - Unarmed
rCold    . . .     Faith    .   (no shield)
rNeg     + . .     Spirit   .   a - +0 robe
rPois    ∞         Reflect  .   (helmet currently unavailable)
rElec    +         Harm     .   (no cloak)
rCorr    .         Rampage  .   (no gloves)
Will     .....                  (boots currently unavailable)
Stlth    +.........             (no amulet)
HPRegen  0.09/turn              (no ring)
MPRegen  0.12/turn              (no ring)

@: appendages (expiring), constricted
A: horns 2, talons 2, negative energy resistance 1, electricity resistance,
unbreathing, petrification resistance, miasma immunity, AC +4
a: End Transformation


You were on level 4 of the Dungeon.
You had grown temporary horns.
You had grown temporary talons.
You visited 1 branch of the dungeon, and saw 4 of its levels.

You collected 174 gold pieces.

Inventory:

Armour
 a - a +0 robe (worn)
Scrolls
 b - 3 scrolls of identify
 d - 4 scrolls of remove curse
 h - a scroll of magic mapping {unknown}
 m - a scroll of immolation {unknown}
Potions
 c - 3 potions of attraction
 e - 2 potions of curing
 f - a potion of brilliance {unknown}
 g - 3 potions of might
 i - a potion of resistance
 j - a potion of mutation {unknown}
 k - a potion of haste
 l - a potion of ambrosia


   Skills:
 - Level 1.1 Fighting
 - Level 1.5 Dodging
 - Level 3.0 Unarmed Combat
 + Level 3.4 Spellcasting
 + Level 4.0 Transmutations


You had 6 spell levels left.
You knew the following spells:

 Your Spells              Type           Power        Failure   Level
a - Beastly Appendage     Tmut           28%          3%          1
b - Spider Form           Tmut/Pois      4%           26%         3

Your spell library contained the following spells:

 Spells                   Type           Power        Failure   Level
 Wereblood                Tmut           14%          5%          2
 Ice Form                 Ice/Tmut       8%           63%         4
 Blade Hands              Tmut           7%           71%         5


Dungeon Overview and Level Annotations

Branches:
Dungeon (4/15)
 Temple: D:4-7

Altars:
Ashenzari
Qazlal
Yredelemnul


Innate Abilities, Weirdness & Mutations

You are resistant to torment.
Your stone body is resilient. (AC +4)
You are immune to poison.
You resist negative energy. (rN+)
You are resistant to electric shocks. (rElec)
You can survive without breathing.
You are immune to petrification.
You are immune to miasma.
You have a pair of horns on your head.
You have razor-sharp toenails.


Message History

There is a stone staircase leading up here.
The ball python bites you but does no damage.
The ball python grabs you.
You stop ascending the stairs.
The ball python constricts you.
You escape the ball python's grasp.
Your transformation is almost over.
The orc wizard barely misses you.
The ball python bites you but does no damage.
The ball python grabs you.
You stop ascending the stairs.
The ball python constricts you.
You barely miss the ball python. Your headbutt misses the ball python.
The orc wizard hits you with a +0 dagger.
The ball python closely misses you. The ball python constricts you.
You closely miss the ball python. Your kick misses the ball python.
The orc wizard gestures at you while chanting.
The magic dart hits you.
The orc priest mumbles some strange prayers to Beogh against you.
Beogh smites you!
Ouch! That really hurt!
You die...

.............##
............"..
...............
...........#
..(.......#
#........#
#...S....#
#@oo# ###....#
..$.. o... ...
.. [


You could see an orc priest, an orc wizard, an orc and a ball python.

Vanquished Creatures
  A hound (D:3)
  4 gnolls (D:3)
  6 adders
  An ooze (D:2)
  2 worms
  2 leopard geckos
  2 orcs (D:3)
  A giant cockroach (D:3)
  7 goblins
  6 hobgoblins
  2 quokkas
  A ball python (D:2)
  7 bats
  7 frilled lizards
  15 kobolds
  6 rats
70 creatures vanquished.

Notes
Turn   | Place    | Note
-------+----------+-------------------------------------------
     0 | D:1      | siradein the Gargoyle Transmuter began the quest for the
                  | Orb.
     0 | D:1      | Reached XP level 1. HP: 12/12 MP: 3/3
   223 | D:1      | Reached skill level 2 in Transmutations
   266 | D:1      | Reached XP level 2. HP: 16/16 MP: 3/5
  1342 | D:2      | Found a stormy altar of Qazlal.
  1342 | D:2      | Noticed an earth elemental
  1344 | D:2      | Noticed an air elemental
  1345 | D:2      | Noticed a fire elemental
  1345 | D:2      | Noticed a water elemental
  1381 | D:2      | Reached skill level 3 in Transmutations
  1381 | D:2      | Reached XP level 3. HP: 15/20 MP: 6/6
  1940 | D:2      | Reached XP level 4. HP: 23/25 MP: 5/7
  1944 | D:2      | Learned a level 3 spell: Spider Form
  1961 | D:2      | Found a basalt altar of Yredelemnul.
  2699 | D:3      | Reached XP level 5. HP: 29/29 MP: 7/9
  3322 | D:3      | Reached skill level 4 in Transmutations
  3341 | D:3      | Found a broken altar of Ashenzari.
  3982 | D:4      | Killed from afar by an orc priest

Illustrated notes

Levels and vault maps discovered:
D:1:      scummos_arrival_gate, layout_basic, dk_noncrumbling_4
D:2:      layout_basic, yredelemnul_altar_generic,
          nicolae_qazlal_style_of_elements
D:3:      layout_loops_ring, nicolae_ashenzari_panopticon
D:4:      layout_rooms, grunt_ministairs_9, due_unseen_surprise, uniq_eustachio

Skill      XL: |  1  2  3  4  5 |
---------------+----------------+-----
Transmutations | 2 3 4 |  4.0
Spellcasting   | 3 |  3.4
Fighting       | |  1.1
Dodging        | |  1.5
Unarmed Combat | |  3.0

Action                   |  1- 3 |  4- 6 || total
-------------------------+-------+-------++-------
Melee: Unarmed           |   124 |   149 ||   273
       Kick              |    15 |    19 ||    34
       Headbutt          |    10 |    16 ||    26
       Punch             |       |     1 ||     1
 Cast: Beastly Appendage |    29 |    23 ||    52
  Use: Scroll            |     1 |     3 ||     4
       Potion            |       |     5 ||     5
 Stab: Sleeping          |       |     1 ||     1
Armor: Robe              |    28 |    45 ||    73
Dodge: Dodged            |    68 |    94 ||   162

Table legend: (Time is in decaauts)
 A = Elapsed time spent in this place.
 B = Non-inter-level travel time spent in this place.
 C = Inter-level travel time spent in this place.
 D = Time resting spent in this place.
 E = Time spent auto-exploring this place.
 F = Levels seen in this place.
 G = Mean time per level.
                   A        B        C        D        E       F      G
               +--------+--------+--------+--------+--------+-----+--------+
         Total |   3952 |   3877 |     75 |    373 |   2856 |   4 |  988.0 |
       Dungeon |   3952 |   3877 |     75 |    373 |   2856 |   4 |  988.0 |
               +--------+--------+--------+--------+--------+-----+--------+

Top non-repeatable levels by time:
     D:3: 1332 daAuts
     D:2: 1315 daAuts
     D:1: 1293 daAuts
     D:4: 11 daAuts
